 Dungeon Crawl Stone Soup version 0.23.2-1-ga50397a6bc (webtiles) character file.

Game seed: 5955010513151970775

43495 Foic the Thaumaturge (level 13, -13/89 HPs)
             Began as a Demigod Summoner on May 27, 2019.
             Killed from afar by a balrug (14 damage)
             ... with a fireball
             ... summoned by Asterion
             ... on level 3 of the Lair of Beasts on May 29, 2019.
             The game lasted 04:19:07 (32598 turns).

Foic the Thaumaturge (Demigod Summoner)            Turns: 32598, Time: 04:19:08

Health: -13/89     AC: 14    Str: 19    XL:     13   Next: 53%
Magic:  31/36      EV: 20    Int: 30    God:
Gold:   1933       SH:  0    Dex: 19    Spells: 8/40 levels left

rFire    + . .     SeeInvis .   Y - +1 fustibalus of Jarrua {freeze, Int+3}
rCold    . . .     Gourm    .   (no shield)
rNeg     . . .     Faith    .   Q - +1 leather armour of Evolution {rF+ Str+4 Dex+3 Stlth-}
rPois    +         Spirit   .   y - +2 helmet
rElec    .         Reflect  .   E - +0 cloak
rCorr    .         Harm     .   (no gloves)
MR       +....     Rnd*Rage +   U - +2 pair of boots
Stlth    +.........             J - amulet of magic regeneration
HPRegen  0.24/turn              N - +4 ring of strength
MPRegen  0.50/turn              R - +3 ring of protection

@: liquid flames, about to teleport, glowing, heavily drained
A: repulsion field 1, berserk 1, high mp 1, poison resistance
a: no special abilities


You were on level 3 of the Lair of Beasts.
You were hungry.

You visited 5 branches of the dungeon, and saw 24 of its levels.
You also visited: Gauntlet.

You collected 1933 gold pieces.

Inventory:

Hand Weapons
 g - a +3 vampiric short sword
 Y - the +1 fustibalus of Jarrua (weapon) {freeze, Int+3}
   (You found it on level 12 of the Dungeon)

   It causes projectiles fired from it to freeze those they strike, causing
   extra injury to most foes and up to half again as much damage against
   particularly susceptible opponents.
   They can also slow down cold-blooded creatures.
   It affects your intelligence (+3).
Missiles
 h - 651 stones
 p - 640 arrows
 q - 5 throwing nets
 C - 96 sling bullets (quivered)
Armour
 y - a +2 helmet (worn)
 E - a +0 cloak (worn)
 Q - the +1 leather armour of Evolution (worn) {rF+ Str+4 Dex+3 Stlth-}
   (You found it on level 5 of the Lair of Beasts)

   It affects your strength (+4).
   It affects your dexterity (+3).
   It protects you from fire.
   It makes you less stealthy.
 U - a +2 pair of boots (worn)
Jewellery
 a - a +2 ring of dexterity
 f - an uncursed ring of protection from fire
 j - an uncursed ring of positive energy
 z - an uncursed ring of protection from magic
 A - a +1 ring of protection
 H - an uncursed ring of poison resistance
 J - an amulet of magic regeneration (around neck)
 N - a +4 ring of strength (left hand)
 R - a +3 ring of protection (right hand)
 W - an uncursed ring of protection from magic
Wands
 d - a wand of enslavement (9)
 v - a wand of polymorph (37)
 w - a wand of flame (73)
 K - a wand of disintegration (18)
 P - a wand of clouds (4)
Scrolls
 k - 4 scrolls of fear
 o - 6 scrolls of teleportation
 r - 14 scrolls of remove curse
 t - 6 scrolls of magic mapping
 u - 6 scrolls of enchant weapon
 D - 5 scrolls of identify
 F - a scroll of blinking
 G - 3 scrolls of amnesia
 I - 2 scrolls of fog
 L - 4 scrolls of enchant armour
Potions
 b - 4 potions of flight
 e - 4 potions of lignification
 i - 2 potions of heal wounds
 l - 3 potions of curing
 n - a potion of berserk rage
 s - 5 potions of brilliance
 x - a potion of invisibility
 B - 5 potions of agility
 S - 2 potions of cancellation
 T - a potion of mutation
 V - 3 potions of ambrosia
 X - a potion of haste
 Z - a potion of magic
Miscellaneous
 M - a lamp of fire
 O - a lightning rod (4/4)
Comestibles
 c - 38 rations


   Skills:
 + Level 1.0(0.0) Fighting
 + Level 2.8(1.4) Armour
 * Level 9.5(7.8) Dodging
 + Level 2.8(1.4) Stealth
 * Level 14.3(12.4) Spellcasting
 + Level 1.9(0.5) Hexes
 + Level 0.5(0.0) Charms
 + Level 11.2(9.5) Summonings
 + Level 0.3(0.0) Necromancy
 + Level 5.1(3.6) Ice Magic
 + Level 0.6(0.0) Air Magic


You had 8 spell levels left.
You knew the following spells:

 Your Spells              Type           Power        Failure   Level  Hunger
a - Summon Small Mammal   Summ           ####         1%          1    None
b - Call Imp              Summ           ######..     1%          2    None
c - Call Canine Familiar  Summ           ######..     1%          3    None
d - Summon Ice Beast      Ice/Summ       ######..     2%          4    None
e - Slow                  Hex            ###.....     3%          2    None
f - Summon Lightning Spi  Summ/Air       #####...     4%          4    None
g - Summon Guardian Gole  Hex/Summ       #####...     1%          3    None
h - Vampiric Draining     Necr           ###.......   10%         3    None
i - Regeneration          Chrm/Necr      ###.......   10%         3    None
j - Tukima's Dance        Hex            ###.....     8%          3    None
k - Cause Fear            Hex            ###.......   26%         4    None

Your spell library contained the following spells:

 Spells                   Type           Power        Failure   Level  Hunger
 Freeze                   Ice            ####         1%          1    None
 Summon Butterflies       Summ           ######..     1%          1    None
 Corona                   Hex            ###....      2%          1    None
 Throw Frost              Conj/Ice       ####..       2%          2    None
 Animate Skeleton         Necr           N/A          3%          1    None
 Apportation              Tloc           ###...       3%          1    None
 Pain                     Necr           ###.         3%          1    None
 Ozocubu's Armour         Chrm/Ice       ####....     4%          3    None
 Inner Flame              Hex/Fire       ###.....     9%          3    None
 Portal Projectile        Hex/Tloc       ###...       9%          3    None
 Lesser Beckoning         Tloc           ###.......   10%         3    None
 Throw Icicle             Conj/Ice       ####....     16%         4    None
 Leda's Liquefaction      Hex/Erth       ###.......   28%         4    None
 Animate Dead             Necr           N/A          32%         4    None
 Alistair's Intoxication  Tmut/Pois      ###.....     65%         5    ##.....
 Bolt of Magma            Conj/Fire/Erth ###.......   65%         5    ##.....
 Iskenderun's Battlesphe  Conj/Chrm      ###.....     65%         5    ##.....
 Venom Bolt               Conj/Pois      ###.......   65%         5    ##.....
 Invisibility             Hex            ###.....     98%         6    ####...
 Spellforged Servitor     Conj/Summ      #####.....   98%         7    ######.
 Iron Shot                Conj/Erth      ###.......   99%         6    ####...
 Orb of Destruction       Conj           ###.......   100%        7    ######.


Dungeon Overview and Level Annotations

Branches:
Dungeon (15/15)            Temple (1/1) D:4            Lair (6/6) D:11
 Shoals (0/4) Lair:3       Spider (1/4) Lair:3        Slime (0/5) Lair:5
    Orc (1/2) D:12         Vaults (0/5) D:14
 Depths: D:15

Shops:
D:6 [   D:9 !   D:12 !!%

Annotations:
Lair:3 Asterion


Innate Abilities, Weirdness & Mutations

You have an increased reservoir of magic. (+10% MP)
You are surrounded by a mild repulsion field. (EV +2)
You tend to lose your temper in combat.
Your system is resistant to poisons. (rPois)


Message History

* * * LOW HITPOINT WARNING * * *
As you read the scroll of teleportation, it crumbles to dust.
You feel strangely unstable.
Your warg bites Asterion!
The balrug gestures at you. The sticky flame hits you. You resist.
You are covered in liquid flames!
* * * LOW HITPOINT WARNING * * *
You are covered in liquid flames!
* * * LOW HITPOINT WARNING * * *
Asterion hits you with a +0 demon whip of draining!
* * * LOW HITPOINT WARNING * * *
You feel drained.
* * * LOW HITPOINT WARNING * * *
Asterion gores you.
* * * LOW HITPOINT WARNING * * *
You are covered in liquid flames!
* * * LOW HITPOINT WARNING * * *
The balrug gestures at you.
The fireball explodes!
The fireball engulfs you! You resist.
You die...

!........## #P.........###.P# #
.........# ##........###...## #
.........# #.......#.##.....# ##
.........# #......#.........###.
.........## ##.....#.##.......###
........[.####....#............##
.............##.................#
........##...####................
#........##.....@..P.............
#.......###...H...##.............
#.......###..h...##P.............
###......##......##..............
#....###....##.##..............
##..###..^2..#####..............
##..##^.^^.##.# ##.............
#..##^....##..# #...........##
####.^^.^##...# #P.........###


You could see Asterion, a balrug and a friendly warg.

Vanquished Creatures
  A yak (D:12)
  An adder (D:2)
  A quokka (D:2)
3 creatures vanquished.

Vanquished Creatures (collateral kills)
  Nessos (Lair:5)
  The ghost of Kekhinka the Carver, a journeyman MiBe of Trog (Lair:1)
  Josephine (Lair:5)
  8 hydras
  A centaur warrior (D:14)
  2 catoblepae
  A death knight (D:13)
  8 two-headed ogres
  An ogre mage (D:14)
  12 death yaks
  2 unseen horrors
  5 skeletal warriors
  A fire crab (Lair:6)
  3 deep elf magi
  An ugly thing (D:13)
  A cyclops (D:14)
  2 manticores
  5 slime creatures (D:14)
  11 elephants
  2 guardian serpents (D:10)
  4 black mambas
  An orange demon (D:14)
  A rust devil (D:14)
  8 spiny frogs
  5 centaur skeletons (D:14)
  A torpor snail (Lair:2)
  7 komodo dragons
  5 rime drakes
  A kobold demonologist (D:14)
  A freezing wraith (D:13)
  3 jumping spiders
  10 polar bears
  2 trolls
  8 hornets
  5 hippogriffs
  A dream sheep (Lair:6)
  A spectral black mamba (Lair:1)
  A meliai zombie (D:13)
  16 blink frogs
  2 redbacks
  3 shadows
  3 wyverns
  13 spriggans (Lair:6)
  6 basilisks
  58 yaks
  2 hungry ghosts
  7 wraiths
  4 fire bats (D:12)
  Menkaure (D:7)
  9 vampire mosquitoes
  10 water moccasins
  A hydra simulacrum (Lair:1)
  6 porcupines
  A hell hound (D:12)
  3 black bears
  6 orc warriors
  6 sky beasts
  2 eyes of draining
  6 phantoms
  A necrophage (D:7)
  8 ogres
  An ice beast (D:10)
  20 wolves
  5 boggarts
  17 centaurs
  5 crocodiles
  4 big kobolds
  13 bullfrogs
  A spiny frog simulacrum (Lair:1)
  4 scorpions
  2 wyvern skeletons
  6 killer bees (D:10)
  5 wights (D:8)
  3 howler monkeys
  2 electric eels (Lair:1)
  2 lava snakes (D:12)
  A centaur zombie (D:7)
  5 crimson imps
  A quasit (D:11)
  A torpor snail simulacrum (Lair:1)
  3 jellies
  2 hounds
  3 bullfrog skeletons
  6 orc wizards
  2 gnoll shamans
  7 iron imps (D:14)
  5 orc priests
  4 iguanas
  10 worker ants
  A hound zombie (D:10)
  2 hound skeletons (D:5)
  A worker ant zombie (D:8)
  12 adders
  43 gnolls
  3 shadow imps
  2 oozes
  3 adder zombies
  3 worms
  4 dart slugs
  3 leopard geckos
  70 orcs
  6 bats
  6 giant cockroaches
  11 goblins
  10 hobgoblins
  17 jackals
  15 kobolds
  2 quokkas
  A ball python (D:3)
  3 frilled lizards
  A jackal skeleton (D:8)
  10 rats
  2 fire vortices (D:12)
  5 fungi
  6 plants
690 creatures vanquished.

Vanquished Creatures (others)
  A centaur warrior (D:14)
  A freezing wraith (D:14)
  A polar bear (Lair:6)
  A blink frog (Lair:5)
  3 yaks (Lair:5)
  A komodo dragon simulacrum (Lair:1)
  An orc (D:12)
  3 bushes
  A fire vortex (D:12)
  20 fungi
  21 plants
54 creatures vanquished.

Grand Total: 747 creatures vanquished

Notes
Turn   | Place    | Note
-------+----------+-------------------------------------------
     0 | D:1      | Foic the Demigod Summoner began the quest for the Orb.
     0 | D:1      | Reached XP level 1. HP: 14/14 MP: 5/5
   224 | D:1      | Reached skill level 2 in Spellcasting
   499 | D:1      | Reached XP level 2. HP: 20/20 MP: 5/7
   507 | D:1      | Learned a level 2 spell: Call Imp
  1540 | D:2      | Found a white marble altar of Elyvilon.
  1652 | D:2      | Reached XP level 3. HP: 16/26 MP: 2/9
  1705 | D:2      | Learned a level 3 spell: Call Canine Familiar
  2092 | D:2      | Found a shimmering altar of Xom.
  2173 | D:2      | Noticed an ogre
  2183 | D:2      | Killed an ogre
  2183 | D:2      | Reached skill level 3 in Spellcasting
  2183 | D:2      | Reached XP level 4. HP: 33/33 MP: 2/11
  2477 | D:2      | Found a sparkling altar of Nemelex Xobeh.
  3320 | D:3      | Noticed an ogre
  3358 | D:3      | Killed an ogre
  3358 | D:3      | Reached XP level 5. HP: 38/38 MP: 2/13
  4045 | D:3      | Reached skill level 1 in Armour
  4120 | D:3      | Reached skill level 4 in Spellcasting
  4178 | D:3      | Reached XP level 6. HP: 32/45 MP: 9/15
  4784 | D:3      | Learned a level 4 spell: Summon Ice Beast
  5678 | D:4      | Found a staircase to the Ecumenical Temple.
  5700 | Temple   | Entered the Ecumenical Temple
  6064 | D:4      | Reached skill level 5 in Summonings
  6260 | D:4      | Found a sacrificial altar of Ru.
  6574 | D:5      | Entered Level 5 of the Dungeon
  6712 | D:5      | Reached XP level 7. HP: 50/50 MP: 8/17
  6807 | D:5      | Found a stormy altar of Qazlal.
  6920 | D:5      | Reached skill level 5 in Spellcasting
  7269 | D:5      | Found a glowing golden altar of the Shining One.
  7368 | D:5      | Found a deep blue altar of Sif Muna.
  7652 | D:6      | Got an ancient chain mail
  7656 | D:6      | Identified the +6 chain mail of Oliq {-Cast rN+ Str+3} (You
                  | found it on level 6 of the Dungeon)
  7761 | D:6      | Found Qahileprea's Antique Armour Emporium.
  8377 | D:7      | Noticed Menkaure
  8406 | D:7      | Killed Menkaure
  8420 | D:7      | Gained mutation: You tend to lose your temper in combat.
                  | [potion of mutation]
  8420 | D:7      | Gained mutation: You are surrounded by a mild repulsion
                  | field. (EV +2) [potion of mutation]
  8420 | D:7      | Gained mutation: Your system is resistant to poisons.
                  | (rPois) [potion of mutation]
  8637 | D:7      | Noticed a hippogriff
  8662 | D:7      | Killed a hippogriff
  8678 | D:7      | Reached skill level 6 in Spellcasting
  8836 | D:7      | Found a basalt altar of Yredelemnul.
  8948 | D:7      | Reached XP level 8. HP: 50/57 MP: 17/20
  9840 | D:8      | Found a flagged portal.
  9888 | D:8      | Found a hide-covered altar of Uskayaw.
 10530 | D:8      | Found a bloodstained altar of Trog.
 10552 | D:8      | Found an iron altar of Okawaru.
 10844 | D:9      | Found a snail-covered altar of Cheibriados.
 11065 | D:9      | Found Anerun's Distillery.
 11155 | D:9      | Noticed a two-headed ogre
 11168 | D:9      | Killed a two-headed ogre
 11168 | D:9      | Reached skill level 7 in Spellcasting
 11425 | D:9      | Reached XP level 9. HP: 62/62 MP: 9/24
 11886 | D:10     | Entered Level 10 of the Dungeon
 11990 | D:10     | Noticed a guardian serpent
 12252 | D:10     | Killed a guardian serpent
 12553 | D:10     | Noticed a guardian serpent
 12669 | D:10     | Killed a guardian serpent
 12669 | D:10     | Reached skill level 8 in Spellcasting
 12823 | D:10     | Noticed a two-headed ogre
 12835 | D:10     | Killed a two-headed ogre
 12835 | D:10     | Reached skill level 5 in Dodging
 12835 | D:10     | Reached skill level 1 in Ice Magic
 12963 | D:10     | Killed an unseen horror
 12990 | D:10     | Noticed a two-headed ogre
 13006 | D:10     | Killed a two-headed ogre
 13034 | D:10     | Noticed a two-headed ogre
 13051 | D:10     | Killed a two-headed ogre
 13051 | D:10     | Reached skill level 9 in Spellcasting
 13425 | D:10     | Reached XP level 10. HP: 69/69 MP: 24/27
 13783 | D:11     | Found a hide-covered altar of Uskayaw.
 13802 | D:11     | Found a gate leading to a gauntlet.
 13902 | D:11     | Noticed a four-headed hydra
 13924 | D:11     | Killed a four-headed hydra
 13973 | D:11     | Found a staircase to the Lair.
 14013 | Gauntlet | Entered a Gauntlet
 14013 | Gauntlet | Found a transporter.
 14022 | Gauntlet | Found a transporter.
 14026 | Gauntlet | Found a transporter.
 14027 | Gauntlet | Found a transporter.
 14027 | Gauntlet | Noticed an obsidian statue
 14035 | Gauntlet | Found a transporter.
 14035 | Gauntlet | Found a transporter.
 14035 | Gauntlet | Noticed a death drake
 14035 | Gauntlet | Noticed a death ooze
 14036 | Gauntlet | Found a transporter.
 14036 | Gauntlet | Noticed a necromancer
 14037 | Gauntlet | Found a transporter.
 14058 | Gauntlet | Found a transporter.
 14061 | Gauntlet | Found a transporter.
 14065 | Gauntlet | Found a transporter.
 14067 | Gauntlet | Found a runed translucent door.
 14069 | Gauntlet | Found a runed translucent door.
 14073 | Gauntlet | Found a transporter.
 14080 | Gauntlet | Noticed a catoblepas
 14141 | Gauntlet | Noticed a death yak
 14150 | Gauntlet | Noticed a death yak
 14151 | Gauntlet | Noticed a death yak
 14152 | Gauntlet | Noticed a death yak
 14153 | Gauntlet | Noticed a death yak
 14325 | D:11     | Noticed a skeletal warrior
 14453 | D:11     | Killed a skeletal warrior
 14532 | D:11     | Noticed a skeletal warrior
 14540 | D:11     | Noticed a skeletal warrior
 14604 | D:11     | Killed a skeletal warrior
 14657 | D:11     | Killed a skeletal warrior
 14657 | D:11     | Reached skill level 10 in Spellcasting
 15024 | Lair:1   | Entered Level 1 of the Lair of Beasts
 15259 | Lair:1   | Noticed a five-headed hydra
 15268 | Lair:1   | Killed a five-headed hydra
 15307 | Lair:1   | Found a sparkling altar of Nemelex Xobeh.
 15934 | Lair:1   | Found a runed translucent gate.
 15934 | Lair:1   | Found a runed translucent gate.
 15934 | Lair:1   | Found a runed translucent gate.
 15939 | Lair:1   | Noticed Kekhinka's ghost (journeyman MiBe)
 16356 | Lair:2   | Noticed a torpor snail
 16369 | Lair:2   | Killed a torpor snail
 16373 | Lair:2   | Noticed a death yak
 16382 | Lair:2   | Noticed a death yak
 16432 | Lair:2   | Killed a death yak
 16452 | Lair:2   | Killed a death yak
 17023 | Lair:2   | Noticed an eight-headed hydra
 17025 | Lair:2   | Noticed a four-headed hydra
 17119 | Lair:1   | Killed an eight-headed hydra
 17119 | Lair:1   | Reached XP level 11. HP: 14/74 MP: 22/30
 17484 | Lair:2   | Killed a four-headed hydra
 17804 | Lair:3   | Reached skill level 11 in Spellcasting
 18590 | Lair:3   | Found a staircase to the Shoals.
 19348 | Lair:3   | Found a hole to the Spider Nest.
 19928 | Lair:3   | Reached skill level 1 in Fighting
 20978 | Lair:4   | Noticed a death yak
 21009 | Lair:4   | Noticed a death yak
 21023 | Lair:4   | Noticed a death yak
 21024 | Lair:4   | Noticed a death yak
 21059 | Lair:3   | Killed a death yak
 21310 | Lair:4   | Noticed a death yak
 21572 | Lair:3   | Killed a death yak
 21711 | Lair:3   | Killed a death yak
 21915 | Lair:4   | Killed a death yak
 21942 | Lair:4   | Killed a death yak
 22002 | Lair:4   | Learned a level 2 spell: Slow
 22021 | Lair:4   | Reached skill level 12 in Spellcasting
 22824 | Lair:5   | Learned a level 4 spell: Summon Lightning Spire
 22828 | Lair:5   | Learned a level 3 spell: Summon Guardian Golem
 22845 | Lair:5   | Noticed a catoblepas
 22865 | Lair:5   | Killed a catoblepas
 22959 | Lair:5   | Noticed Josephine
 22967 | Lair:5   | Noticed a death yak
 22970 | Lair:5   | Killed Josephine
 23003 | Lair:4   | Killed a death yak
 23003 | Lair:4   | Reached XP level 12. HP: 73/83 MP: 11/33
 23082 | Lair:5   | Found a staircase to the Slime Pits.
 23131 | Lair:5   | Learned a level 3 spell: Vampiric Draining
 23135 | Lair:5   | Learned a level 3 spell: Regeneration
 23160 | Lair:5   | Got a bronze leather armour
 23161 | Lair:5   | Identified the +1 leather armour of Evolution {rF+ Str+4
                  | Dex+3 Stlth-} (You found it on level 5 of the Lair of
                  | Beasts)
 23258 | Lair:5   | Reached skill level 10 in Summonings
 23396 | Lair:5   | Noticed Nessos
 23419 | Lair:5   | Killed Nessos
 24341 | Lair:6   | Entered Level 6 of the Lair of Beasts
 24569 | Lair:6   | Noticed a seven-headed hydra
 24799 | Lair:6   | Reached skill level 13 in Spellcasting
 24805 | Lair:6   | Killed a seven-headed hydra
 24819 | Lair:6   | Reached skill level 1 in Hexes
 25377 | Lair:6   | Noticed an eight-headed hydra
 25386 | Lair:6   | Killed an eight-headed hydra
 25819 | Lair:6   | Noticed a four-headed hydra
 25981 | Lair:6   | Noticed a seven-headed hydra
 27602 | D:12     | Found a staircase to the Orcish Mines.
 27822 | D:12     | Found Xiwi's Distillery.
 28201 | D:12     | Reached XP level 13. HP: 75/89 MP: 19/35
 28242 | D:12     | Found Yde Usog's Food Boutique.
 28269 | D:12     | Found Lutzuysu's Distillery.
 28453 | D:12     | Got a smoking fustibalus
 28471 | D:12     | Identified the +1 fustibalus of Jarrua {freeze, Int+3} (You
                  | found it on level 12 of the Dungeon)
 28518 | Orc:1    | Entered Level 1 of the Orcish Mines
 28520 | Orc:1    | Noticed an orc warlord
 29661 | D:13     | You fall through a shaft for 2 floors!
 29661 | D:15     | Entered Level 15 of the Dungeon
 30513 | D:14     | Reached skill level 14 in Spellcasting
 30586 | D:14     | Reached skill level 5 in Ice Magic
 30906 | D:14     | Found a burning altar of Makhleb.
 31407 | D:14     | Found a gate to the Vaults.
 32485 | Lair:1   | Killed Kekhinka's ghost
 32519 | Lair:1   | Learned a level 3 spell: Tukima's Dance
 32524 | Lair:1   | Learned a level 4 spell: Cause Fear
 32577 | Spider:1 | Entered Level 1 of the Spider Nest
 32577 | Spider:1 | Noticed Asterion
 32589 | Lair:3   | Noticed a balrug
 32597 | Lair:3   | HP: 3/89 [Asterion/+0 demon whip of draining (5)]
 32598 | Lair:3   | HP: 1/89 [burnt (2)]
 32598 | Lair:3   | Killed from afar by a balrug

Skill      XL: |  1  2  3  4  5  6  7  8  9 10 11 12 13 |
---------------+----------------------------------------+-----
Spellcasting   | 2 3 4 6 7 9 10 12 13 14 | 14.3
Dodging        | 2 3 4 5 6 7 8 9 |  9.5
Stealth        | 2 |  2.8
Summonings     | 4 5 6 7 8 9 10 11 | 11.2
Armour         | 1 2 |  2.8
Ice Magic      | 1 2 3 4 5 |  5.1
Fighting       | 1 |  1.0
Hexes          | 1 |  1.9
Charms         | |  0.5
Necromancy     | |  0.3
Air Magic      | |  0.6

Action                   |  1- 3 |  4- 6 |  7- 9 | 10-12 | 13-15 || total
-------------------------+-------+-------+-------+-------+-------++-------
Melee: Dagger            |     9 |    13 |     1 |     3 |       ||    26
 Cast: Summon Small Mamm |    64 |    10 |    20 |    42 |     2 ||   138
       Call Imp          |     7 |    62 |   111 |   228 |    55 ||   463
       Call Canine Famil |     9 |    60 |    74 |   187 |    68 ||   398
       Summon Ice Beast  |       |       |    28 |   265 |   132 ||   425
       Summon Guardian G |       |       |       |    59 |    42 ||   101
       Summon Lightning  |       |       |       |     7 |    10 ||    17
       Slow              |       |       |       |     1 |       ||     1
       Regeneration      |       |       |       |    11 |    11 ||    22
       Vampiric Draining |       |       |       |     3 |     1 ||     4
  Use: Potion            |     4 |       |     9 |     4 |       ||    17
       Scroll            |       |     1 |    14 |    14 |     1 ||    30
  Eat: Chunk             |     5 |    18 |    20 |    32 |    13 ||    88
       Ration            |       |       |     1 |     4 |       ||     5
Armor: Robe              |     2 |       |       |       |       ||     2
       Leather armour    |     2 |    22 |     9 |    73 |    26 ||   132
Dodge: Dodged            |    20 |    72 |    49 |   311 |    56 ||   508
